 Dungeon Crawl Stone Soup: Circus Animals version 1.7-37-g2c94cca (webtiles) character file.

2500 AlphabetPasta the Poker (level 6, -2/262 HPs) *NIGHTMARE*
             Began as a Djinni Gladiator on Aug 21, 2016.
             Slain by an ogre
             ... wielding a +0 giant club
              (36 damage)
             ... on level 5 of the Dungeon.
             The game lasted 00:26:48 (6749 turns).

AlphabetPasta the Poker (Djinni Gladiator)          Turns: 6749, Time: 00:26:48

Health: -2/262     AC:  7    Str: 16    XL:     6   Next: 66%
Magic:  -2/262     EV:  4    Int:  8    God:
Gold:   221        SH:  4    Dex: 15    Spells: 0 memorised, 5 levels left

rFire  . . .     rPois    .     a - +0 trident
rCold  x . .     rElec    .     e - +0 chain mail
rNeg   . . .     rCorr    .     j - +2 buckler MagicSh . . . SeeInvis .
                                c - +0 helmet StaminaSh . . . Faith .
                                (no cloak) RegenHP ++........
SustAt +                        h - +0 pair of gloves RegenSP ++........ Dismiss .
                                (boots unavailable) RegenMP ++........ Reflect .
                                (no amulet)
MR     .....     Harm     .     (no ring)
Stlth  ..........               g - ring of sustain attributes

@: tired, flying, slow, not resistant to hostile enchantments, extremely
unstealthy
A: cold vulnerability 1, no stealth, insightful 1, glowing 1, ephemeral 2
a: Remove Curse


You were on level 5 of the Dungeon.
You were not hungry.

You visited 1 branch of the dungeon, and saw 5 of its levels.

You collected 221 gold pieces.

Inventory:

Hand Weapons
 a - a +0 trident (weapon)
 i - a +0 halberd
Missiles
 d - 8 throwing nets (quivered)
 f - 4 steel tomahawks
Armour
 b - a +0 leather armour
 c - a +0 helmet (worn)
 e - a +0 chain mail (worn)
 h - a +0 pair of gloves (worn)
 j - a +2 buckler (worn)
Jewellery
 g - a ring of sustain attributes (left hand)
Potions
 a - a potion of flight {unknown}
 b - 2 potions of haste {unknown}
 c - a potion of magic
 f - a potion of brilliance {unknown}
 h - a potion of cure mutation {unknown}
 i - a potion of lignification {unknown}


   Skills:
 - Level 3.0 Fighting
 * Level 7.3 Polearms
 - Level 1.7 Throwing
 - Level 2.0 Armour
 - Level 3.2 Dodging
 + Level 3.4 Shields


You had 5 spell levels left.
You didn't know any spells.

Dungeon Overview and Level Annotations

Branches:
Dungeon (5/7)

Altars:
Elyvilon
Fedhas
Makhleb
Pakellas
Qazlal

Annotations:
D:4 exclusion: oklob plant


Innate Abilities, Weirdness & Mutations

You are healed by all types of fire, even holy and hellish.
Unarmed attacks will do fire damage.
Cold and water do twice as much damage to you.
You have no legs.
Fire heals you.
You are vulnerable to cold. (rC-)
You cannot be stealthy.
You occasionally figure out what unidentified objects are.
You emit light, making it easier for others to see you.
Attacks sometimes pass right through you.


Message History

You miss the ogre. You block the ogre's attack.
You closely miss the ogre. The ogre misses you.
You hit the ogre. (mon hp-2)
The ogre hits you with a giant club!! (hp-18)
* * * LOW HITPOINT WARNING * * *; The ogre hits you but does no damage.
You completely miss the ogre.
The ogre hits you with a giant club!! (hp-22) Damage (22) was greater than 30% of your hp (44)!!!
* * * LOW HITPOINT WARNING * * *
You are pushing your body beyond it's limits!
You puncture the ogre! (mon hp-8)
The ogre passes right through your ephemeral form!
You are pushing your body beyond it's limits!
You closely miss the ogre. The ogre misses you.
You are pushing your body beyond it's limits!
You hit the ogre. (mon hp-1)
The ogre hits you with a giant club!! (hp-27)
* * * LOW HITPOINT WARNING * * *; The ogre barely misses you.
You feel better. (hp+20)
You are pushing your body beyond it's limits!
You completely miss the ogre.
The ogre hits you with a giant club! (hp-7)
* * * LOW HITPOINT WARNING * * *; The ogre hits you with a giant club!!!
You were prevented from receiving too much damage! (37 -> 36)
You die...

#.# #.##
#####.#####.#
.[......##..#####
#####.............
###.##.#######
#.#..# #
#.#.##########.#
#..............####
##.######.@O.......
##.# #.#########
#..# ####.# #.##
#....# #.# #.####
##.# #.# #..# #.#
##.## #.# #..# #.#


You could see an ogre.

Vanquished Creatures
  Menkaure (D:4)
  A sky beast (D:5)
  3 ogres (D:5)
  2 phantoms
  2 scorpions (D:4)
  2 orc priests (D:5)
  2 hounds
  2 orc wizards (D:5)
  An iguana (D:4)
  5 worker ants
  16 adders
  7 gnolls
  3 oozes
  A worm (D:3)
  3 dart slugs
  5 giant geckos
  17 orcs
  6 giant cockroaches
  19 goblins
  14 hobgoblins
  21 jackals
  6 quokkas
  2 ball pythons
  11 bats
  7 giant newts
  2 jackal zombies
  7 kobolds
  5 rats
173 creatures vanquished.

Notes
Turn   | Place    | Note
-------+----------+-------------------------------------------
     0 | D:1      | AlphabetPasta the Djinni Gladiator began the quest for the Orb.
     0 | D:1      | Reached XP level 1. HP: 222/222 MP: 222/222
   416 | D:1      | Reached skill level 1 in Armour
   786 | D:1      | Reached XP level 2. EP: 211/230
  1477 | D:2      | Reached XP level 3. EP: 72/238
  1686 | D:2      | Reached skill level 5 in Polearms
  1788 | D:2      | Found a white marble altar of Elyvilon.
  1841 | D:2      | Gained mutation: You emit light, making it easier for others to see you. [Djinni growth]
  1841 | D:2      | Reached XP level 4. EP: 147/246
  2908 | D:3      | Reached skill level 1 in Shields
  3269 | D:3      | Reached XP level 5. EP: 83/254
  3506 | D:3      | Found a burning altar of Makhleb.
  4072 | D:4      | Noticed a phantom
  4185 | D:4      | Killed a phantom
  4185 | D:4      | Reached skill level 6 in Polearms
  4362 | D:4      | Found a blossoming altar of Fedhas.
  4378 | D:4      | Noticed an oklob plant
  4429 | D:4      | Noticed Menkaure
  4448 | D:4      | Killed Menkaure
  4853 | D:4      | Lost mutation: Attacks often pass right through you. [Djinni growth]
  4853 | D:4      | Reached XP level 6. EP: 169/262
  5248 | D:5      | Entered Level 5 of the Dungeon
  5488 | D:5      | Noticed an ogre
  5501 | D:5      | Killed an ogre
  5608 | D:5      | Noticed a phantom
  5749 | D:5      | Killed a phantom
  5949 | D:5      | Found a faded altar of an unknown god.
  5999 | D:5      | Noticed an ogre
  6008 | D:5      | Killed an ogre
  6028 | D:5      | Reached skill level 7 in Polearms
  6037 | D:5      | HP: 22/262 [orc priest/nerve-wracking pain (8)]
  6043 | D:5      | HP: 14/262 [orc priest/club (5)]
  6264 | D:5      | Found an oddly glowing altar of Pakellas.
  6303 | D:5      | Noticed a sky beast
  6355 | D:5      | Killed a sky beast
  6495 | D:5      | Noticed an ogre
  6510 | D:5      | Killed an ogre
  6534 | D:5      | Found a stormy altar of Qazlal.
  6536 | D:5      | Noticed an air elemental
  6536 | D:5      | Noticed a water elemental
  6536 | D:5      | Noticed a fire elemental
  6724 | D:5      | Noticed an ogre
  6747 | D:5      | HP: 20/262 [ogre/giant club (27)]
  6749 | D:5      | Slain by an ogre

Skill      XL: |  1  2  3  4  5  6 |
---------------+-------------------+-----
Armour         | 1 2 |  2.0
Polearms       | 5 6 7 |  7.3
Fighting       | 3 |  3.0
Shields        | 1 2 3 |  3.4
Throwing       | |  1.7
Dodging        | |  3.2

Action                   |  1- 3 |  4- 6 || total
-------------------------+-------+-------++-------
Melee: Trident           |   240 |  1116 ||  1356
Throw: Throwing net      |       |     2 ||     2
  Use: Potion            |     2 |    11 ||    13
 Stab: Sleeping          |       |     2 ||     2
       Distracted        |       |     1 ||     1
Armor: Chain mail        |    88 |   343 ||   431
Dodge: Dodged            |    67 |   282 ||   349
Block: Buckler           |       |   239 ||   239
